AoeStats
← Frank

Oasis

507124753Analyzed
3v3 RM · 14d ago on Sep 16, 2026· 73m 53s· 6 players
Game mode
Random Map
Map size
Normal (6 player)
Population
200
Speed
Normal
Resources
Standard
Victory
Conquest
Starting age
Dark Age
Ending age
Imperial Age
RankedLock teamsTeams togetherTeam positionsShared explorationLock speedFull tech treeHidden civsTurbo modeCheats
Victory
Defeat
🇬🇧 Inca · United Kingdom
813
+14
🇺🇸 Japanese · United States
722
+18
🇩🇪 Persians · Germany
706
+19
🇩🇪 Teutons · Germany
825
-19
🇩🇪 Saracens · Germany
815
-19
🇩🇪 Bohemians · Germany
680
-17
RayBay78
0:33 Loom
11:52 Feudal Age
13:06 Horse Collar
14:05 Wheelbarrow
13:18 Double-Bit Axe
20:36 Gold Mining
20:38 Stone Mining
23:09 Castle Age
23:01 Town Watch
24:06 Bow Saw
24:13 Hand Cart
24:00 Heavy Plow
24:37 Stone Shaft Mining
34:41 Imperial Age
32:49 Forging
32:29 Fletching
33:08 Fortified Wall
34:34 Ballistics
34:38 Caravan
35:56 Conscription
37:12 Iron Casting
36:33 Bodkin Arrow
36:45 Scale Barding Armor
38:22 Crop Rotation
39:21 Blast Furnace
39:58 Chemistry
40:47 Two-Man Saw
41:16 Bloodlines
41:13 Padded Archer Armor
41:00 Onager
43:33 Siege Onager
46:42 Siege Engineers
46:48 Masonry
48:00 Leather Archer Armor
47:46 Scale Mail Armor
48:07 Chain Barding Armor
49:27 Ring Archer Armor
50:47 Hoardings
51:36 Plate Barding Armor
51:46 Cavalier
52:38 Elite Skirmisher
56:07 Pikeman
56:47 Squires
56:33 Gambesons
58:16 Crenellations
58:19 Ironclad
62:23 Halberdier
63:23 Chain Mail Armor
aVoID
3:00 Loom
12:20 Feudal Age
12:51 Horse Collar
13:06 Double-Bit Axe
19:32 Wheelbarrow
23:25 Castle Age
24:47 Heavy Plow
25:00 Bow Saw
27:13 Hand Cart
26:46 Town Watch
28:09 Caravan
28:00 Crossbowman
28:46 Thumb Ring
29:33 Stone Mining
29:38 Gold Mining
30:29 Town Patrol
30:44 Fortified Wall
30:38 Treadmill Crane
35:23 Imperial Age
35:11 Padded Archer Armor
35:03 Fletching
35:13 Scale Mail Armor
35:54 Gold Shaft Mining
37:10 Two-Man Saw
36:34 Leather Archer Armor
37:28 Chemistry
36:36 Arbalester
38:50 Murder Holes
39:08 Masonry
38:29 Elite Mameluke
41:31 Conscription
47:49 Ballistics
47:38 Siege Engineers
56:41 Onager
58:19 Parthian Tactics
57:17 Heavy Cavalry Archer
60:15 Ring Archer Armor
59:40 Bodkin Arrow
60:01 Chain Mail Armor
59:52 Scale Barding Armor
59:57 Forging
63:53 Hoardings
63:37 Counterweights
64:11 Elite Skirmisher
Frank
12:36 Feudal Age
13:24 Horse Collar
13:34 Double-Bit Axe
14:45 Wheelbarrow
22:10 Padded Archer Armor
28:34 Castle Age
30:11 Bow Saw
30:04 Heavy Plow
30:23 Hand Cart
30:16 Caravan
31:02 Leather Archer Armor
39:58 Forging
39:49 Scale Mail Armor
39:54 Scale Barding Armor
39:40 Fletching
44:33 Imperial Age
43:47 Ballistics
44:28 Chemistry
47:41 Two-Man Saw
47:23 Ring Archer Armor
47:02 Bodkin Arrow
49:27 Houfnice
49:49 Elite Hussite Wagon
54:09 Wagenburg Tactics
59:34 Pikeman
61:01 Elite Skirmisher
70:54 Fortified Wall
70:40 Murder Holes
70:51 Siege Engineers
70:56 Masonry
70:27 Treadmill Crane
Janko_22
2:01 Loom
11:00 Feudal Age
11:52 Double-Bit Axe
12:29 Horse Collar
21:02 Wheelbarrow
20:18 Town Watch
28:07 Castle Age
29:00 Heavy Plow
30:13 Bow Saw
33:10 Imperial Age
30:36 Stone Mining
30:37 Gold Mining
31:05 Kamandaran
31:34 Hand Cart
31:56 Squires
31:43 Arson
32:21 Husbandry
32:32 Bloodlines
33:46 Caravan
35:12 Two-Man Saw
36:26 Conscription
36:22 Citadels
38:45 Chemistry
37:42 Murder Holes
38:08 Ballistics
39:20 Thumb Ring
38:37 Crossbowman
39:40 Guard Tower
41:31 Town Patrol
41:53 Masonry
41:34 Gambesons
41:46 Elite Skirmisher
42:57 Fletching
43:08 Padded Archer Armor
43:20 Forging
43:11 Scale Mail Armor
43:50 Elite War Elephant
44:34 Light Cavalry
47:27 Bodkin Arrow
47:47 Leather Archer Armor
47:39 Scale Barding Armor
49:24 Architecture
51:13 Hoardings
56:19 Hussar
57:28 Chain Mail Armor
57:48 Iron Casting
57:34 Chain Barding Armor
58:25 Cavalier
61:41 Ring Archer Armor
61:43 Plate Mail Armor
62:14 Blast Furnace
62:42 Plate Barding Armor
Mf MelloMike
7:54 Loom
11:31 Feudal Age
13:58 Wheelbarrow
13:36 Gold Mining
13:59 Double-Bit Axe
16:12 Man-at-Arms
19:43 Stone Mining
19:43 Horse Collar
20:24 Forging
22:26 Castle Age
20:46 Scale Mail Armor
24:24 Gold Shaft Mining
26:20 Heavy Plow
30:19 Iron Casting
30:00 Chain Mail Armor
30:37 Bow Saw
34:40 Imperial Age
33:51 Caravan
36:01 Kataparuto
35:55 Elite Samurai
37:27 Hand Cart
37:13 Onager
47:34 Blast Furnace
47:05 Plate Mail Armor
57:21 Ballistics
TheBunjiMunji
3:53 Loom
12:44 Feudal Age
18:23 Castle Age
16:42 Double-Bit Axe
17:18 Horse Collar
19:56 Bow Saw
20:43 Wheelbarrow
26:44 Heavy Plow
30:17 Caravan
34:35 Imperial Age
32:20 Hand Cart
31:59 Stone Mining
32:01 Gold Mining
33:14 Forging
33:05 Scale Mail Armor
33:33 Squires
33:18 Arson
34:20 Gold Shaft Mining
34:20 Stone Shaft Mining
35:11 Iron Casting
34:52 Chain Mail Armor
35:05 Fortified Wall
35:07 Masonry
36:41 Conscription
36:22 Fabric Shields
35:42 Elite Kamayuk
35:59 Capped Ram
37:54 Crop Rotation
38:40 Blast Furnace
38:11 Plate Mail Armor
38:33 Siege Engineers
39:27 Siege Ram
Connection lost

Rejoining the realm…

Still unreachable

The connection could not be restored.

Session expired

The server has moved on; the page needs a fresh start.